 Dungeon Crawl Stone Soup version 0.31-a0-460-g9e667d4245 (webtiles) character file.

Game seed: 9348993152135723096

6622 Ofeo the Fighter (level 10, -7/83 HPs)
             Began as a Demonspawn Shapeshifter on Aug 4, 2023.
             Was a Believer of Dithmenos.
             Mangled by a yak (14 damage)
             ... on level 9 of the Dungeon.
             The game lasted 00:17:28 (10901 turns).

Ofeo the Fighter (Demonspawn Shapeshifter)         Turns: 10901, Time: 00:17:29

Health: -7/83      AC:  6    Str: 15    XL:     10   Next: 72%
Magic:  0/10       EV: 19    Int: 10    God:    Dithmenos [**....]
Gold:   522        SH:  0    Dex: 24    Spells: 9/9 levels left

rFire   + . .        b - +3 scimitar
rCold   . . .        (no shield)
rNeg    . . .        n - +3 leather armour {rF+}
rPois   .            (helmet currently unavailable)
rElec   .            (cloak currently unavailable)
rCorr   .            (gloves currently unavailable)
SInv    .            (boots currently unavailable)
Will    .....        q - amulet of guardian spirit
Stlth   ++++++       k - ring of wizardry
HPRegen 0.33/turn    (no ring)
MPRegen 0.12/turn

%: guardian spirit, wizardry (x1)
@: mighty, beast-form, wreathed by umbra
A: beast (slay +5), thin skeletal structure 3, foul stench 1, powered by pain 1,
weakness stinger 2
a: Begin Untransformation, Renounce Religion, Shadow Step


You were on level 9 of the Dungeon.
You worshipped Dithmenos.
Dithmenos was pleased with you.
You were a hulking beast.
You visited 2 branches of the dungeon, and saw 10 of its levels.

You collected 522 gold pieces.

Inventory:

Hand Weapons
 a - a +1 sling of chaos
 b - a +3 scimitar (weapon)
Missiles
 z - 4 curare-tipped darts
 D - 3 silver javelins
Armour
 d - a +0 scale mail
 l - a +0 ring mail
 n - a +3 leather armour of fire resistance (worn)
 w - +0 ice dragon scales
 x - the +0 pair of gloves of Weanaw {rF+ Will- Str+3 Int+2}
   (You found it on level 6 of the Dungeon)

   Str:       It affects your strength (+3).
   Int:       It affects your intelligence (+2).
   rF:        It protects you from fire.
   Will:      It decreases your willpower.
Jewellery
 f - a ring of ice
 k - a ring of wizardry (left hand)
 p - a ring of fire
 q - an amulet of guardian spirit (around neck)
 u - a ring of fire
Talismans
 c - a beast talisman (active)
Wands
 t - a wand of flame (1)
 C - a wand of charming (6)
 G - a wand of quicksilver (7)
Scrolls
 i - 3 scrolls of identify {@r1}
 j - a scroll of blinking {@r4}
 m - 2 scrolls of enchant armour
 o - 2 scrolls of fog
 s - 2 scrolls of silence
 v - 3 scrolls of immolation
 y - a scroll of revelation
 E - a scroll of teleportation {@r3}
Potions
 e - a potion of degeneration
 g - 3 potions of enlightenment
 h - 2 potions of heal wounds {@q2}
 r - a potion of haste {@q3}
 A - a potion of cancellation {unknown}
 B - a potion of magic {unknown}
 F - 2 potions of berserk rage {unknown}


   Skills:
 + Level 9.3 Fighting
 + Level 3.4 Long Blades
 + Level 8.6 Dodging
 - Level 3.2 Unarmed Combat
 + Level 7.5 Shapeshifting


You had 9 spell levels left.
You didn't know any spells.
Your spell library contained the following spells:

 Spells                   Type           Power      Damage    Failure   Level
 Blink                    Tloc           0%         N/A       26%         2
 Static Discharge         Conj/Air       0%         2-2/arc   26%         2
 Gell's Gravitas          Tloc           0%         N/A       45%         3
 Teleport Other           Tloc           0%         N/A       45%         3
 Airstrike                Air            0%         2d(0-16)  86%         4
 Manifold Assault         Tloc           0%         N/A       86%         4
 Summon Lightning Spire   Summ/Air       0%         N/A       86%         4
 Dispersal                Tloc           0%         N/A       100%        6


Dungeon Overview and Level Annotations

Branches:
Dungeon (9/15)             Temple (1/1) D:4
   Lair: D:8-11         Orc: D:9-12

Altars:
Ashenzari
Cheibriados
Dithmenos
Fedhas
Gozag
Kikubaaqudgha
Makhleb
Nemelex Xobeh
Okawaru
Qazlal
Ru
Sif Muna
Trog
Uskayaw
Vehumet
Wu Jian
Xom
Yredelemnul

Annotations:
D:2 1 runed translucent door, Crazy Yiuf
D:6 exclusion: gargoyle


Innate Abilities, Weirdness & Mutations

You are a hulking beast.
Your limbs bulge with bestial killing power. (Slay +5)
You have an unnaturally thin skeletal structure. (Dex +6, Stealth+++)
You may rarely emit foul miasma when damaged in melee.
You sometimes gain a little power by taking damage.
You have a tail ending in a sharp stinger.


Message History

You are too injured to fight recklessly!
You are too injured to fight recklessly!
You are too injured to fight recklessly!
You are too injured to fight recklessly!
You are too injured to fight recklessly!
You are too injured to fight recklessly!
You are too injured to fight recklessly!
You are too injured to fight recklessly!
You are too injured to fight recklessly!
You are too injured to fight recklessly!
You are too injured to fight recklessly!
The yak attacks as you move away! The yak misses you.
You barely miss the yak.
The yak is almost dead.
You slash the yak!
The yak is moderately wounded.
The yak misses you.
You slash the yak!
The yak is heavily wounded.
The yak barely misses you. The yak misses you. The yak closely misses you.
You slash the yak! You tail-slap the yak!
You kill the yak!
Dithmenos accepts your kill. The yak gores you. The yak gores you!
You take 13 damage, and have 28/83 hp.
You now have 4/10 mp.
You slice the yak!! You tail-slap the yak!
The yak is almost dead.
The yak gores you!
* * * LOW HITPOINT WARNING * * *
The yak closely misses you. x2; The yak barely misses you. x2
The yak closely misses you.
You take 11 damage, and have 17/83 hp.
You now have 2/10 mp.
You slash the yak!
You kill the yak!
Dithmenos accepts your kill. The yak closely misses you. x2
You swing at nothing.
The yak gores you!
* * * LOW HITPOINT WARNING * * *
The yak gores you!
You die...

#..#.....##..............#......#
#..#.##..##...........##.#......#
#..#.....##...........##.#......#
'..#.....................#......#
####.....................########
# #.....##'###########..........
# #.....#............#..........
# #.###.#............#..........
# #.....#.....YhY....#..........
## #.....#######†######..........
.# ##....'..#...†.# ######+####
.# #....#..#.....# .#
#....#..#..##.# .# #....####.. .#
#+#### .############## ## #....#
.#...##....# #.#..# .#...##....#
#.#..#


You could see 2 yaks.

Vanquished Creatures
  Psyche (D:8)
  A hornet (D:9)
  A wyvern (D:8)
  14 yaks
  2 steam dragons
  An acid dragon (D:8)
  3 water moccasins
  Duvessa (D:5)
  2 ice beasts
  2 orc warriors
  6 black bears
  2 ogres
  A phantom (D:6)
  2 centaurs
  A kobold brigand (D:7)
  3 bullfrogs
  A scorpion (D:5)
  9 wights
  Dowan (D:5)
  3 killer bees
  4 electric eels (D:5)
  3 howler monkeys (D:9)
  4 hounds
  2 jellies
  3 orc priests
  A sleepcap (D:6)
  2 iguanas
  4 orc wizards
  4 gnolls (D:6)
  10 adders
  A shadow imp (D:8)
  A white imp (D:8)
  An ufetubus (D:5)
  2 worms
  32 orcs
  7 endoplasms
  4 giant cockroaches
  3 goblins
  10 hobgoblins
  12 jackals
  5 kobolds
  2 quokkas (D:2)
  5 ball pythons
  2 bats (D:2)
  A frilled lizard (D:1)
  5 rats
187 creatures vanquished.

Vanquished Creatures (others)
  An orc wizard (D:6)
  An orc (D:8)
2 creatures vanquished.

Grand Total: 189 creatures vanquished

Notes
Turn   | Place    | Note
-------+----------+-------------------------------------------
     0 | D:1      | Ofeo the Demonspawn Shapeshifter began the quest for the
                  | Orb.
     0 | D:1      | Reached XP level 1. HP: 15/15 MP: 1/1
   891 | D:2      | Gained mutation: You have a somewhat thin skeletal
                  | structure. (Dex +2, Stealth+) [demonic ancestry]
   891 | D:2      | Reached XP level 2. HP: 19/21 MP: 2/2
  1302 | D:2      | HP: 1/31 [adder (1)]
  1311 | D:2      | Gained mutation: You have a small tail. [demonic ancestry]
  1311 | D:2      | Reached XP level 3. HP: 5/27 MP: 3/3
  1754 | D:2      | Reached skill level 2 in Fighting
  2512 | D:2      | Found a runed translucent door.
  2513 | D:2      | Noticed Crazy Yiuf
  2640 | D:3      | Gained mutation: You sometimes gain a little power by
                  | taking damage. [demonic ancestry]
  2640 | D:3      | Reached XP level 4. HP: 33/33 MP: 4/4
  2779 | D:3      | Found a faded altar of an unknown god.
  3747 | D:4      | Noticed a black bear
  3767 | D:4      | Killed a black bear
  3768 | D:4      | Reached skill level 3 in Fighting
  3768 | D:4      | Gained mutation: You have a tail ending in a sharp stinger.
                  | [demonic ancestry]
  3768 | D:4      | Reached XP level 5. HP: 21/41 MP: 5/5
  3770 | D:4      | Killed a black bear
  3771 | D:4      | Reached XP level 6. HP: 22/47 MP: 6/6
  4481 | D:4      | Found a staircase to the Ecumenical Temple.
  4502 | Temple   | Entered the Ecumenical Temple
  4509 | Temple   | Became a worshipper of Dithmenos the Shadowed
  4594 | D:4      | Reached skill level 4 in Fighting
  4766 | D:5      | Entered Level 5 of the Dungeon
  4766 | D:5      | Noticed Duvessa
  4766 | D:5      | Noticed Dowan
  4770 | D:5      | Killed Dowan
  4771 | D:5      | Reached XP level 7. HP: 47/54 MP: 5/7
  4787 | D:5      | Killed Duvessa
  5199 | D:4      | Reached skill level 5 in Fighting
  5291 | D:5      | Identified the +3 plate armour of Polytheism {MP+9}
  5313 | D:5      | Found a bloodstained altar of Trog.
  5328 | D:5      | Reached skill level 5 in Dodging
  5328 | D:5      | Gained mutation: You have a moderately thin skeletal
                  | structure. (Dex +4, Stealth++) [demonic ancestry]
  5328 | D:5      | Reached XP level 8. HP: 60/62 MP: 8/8
  5366 | D:5      | Found a transporter.
  5366 | D:5      | Found a transporter.
  5596 | D:5      | Found a blossoming altar of Fedhas.
  5675 | D:5      | Found an opulent altar of Gozag.
  5888 | D:5      | Reached skill level 5 in Shapeshifting
  6080 | D:6      | Reached skill level 6 in Fighting
  6202 | D:6      | Noticed a gargoyle
  6964 | D:6      | Gained mutation: You may rarely emit foul miasma when
                  | damaged in melee. [demonic ancestry]
  6964 | D:6      | Reached XP level 9. HP: 71/71 MP: 9/9
  7045 | D:6      | Identified the +0 pair of gloves of Weanaw {rF+ Will- Str+3
                  | Int+2}
  7568 | D:7      | Reached skill level 7 in Fighting
  7580 | D:7      | Reached * piety under Dithmenos
  7872 | D:7      | Upgraded the game from 0.31-a0-455-g1a7b003ef0 to
                  | 0.31-a0-460-g9e667d4245
  8596 | D:8      | Reached skill level 8 in Fighting
  8709 | D:8      | Gained mutation: You have an unnaturally thin skeletal
                  | structure. (Dex +6, Stealth+++) [demonic ancestry]
  8709 | D:8      | Reached XP level 10. HP: 82/82 MP: 10/10
  8851 | D:8      | Noticed Psyche
  8896 | D:8      | Killed Psyche
  8897 | D:8      | Reached skill level 1 in Long Blades
  9085 | D:8      | Reached ** piety under Dithmenos
 10350 | D:9      | Found a stormy altar of Qazlal.
 10351 | D:9      | Found a hide-covered altar of Uskayaw.
 10352 | D:9      | Found a broken altar of Ashenzari.
 10376 | D:9      | Reached skill level 9 in Fighting
 10901 | D:9      | Mangled by a yak

Illustrated notes

Levels and vault maps discovered:
D:1:      elethiomel_arrival_shortcut, layout_loops_ring
D:2:      layout_basic, uniq_crazy_yiuf_cottage
D:3:      layout_loops_ring, shapermc_ecumenical_altar_totnotflames, minivault_5
D:4:      layout_rooms, minmay_temple_entry_wispy, minmay_door_square
D:5:      gammafunk_steamed_eel, layout_rooms, lemuel_crystal_altar,
          nicolae_gozag_cash_rules_everything_around_me, trog_ov_bears_minmay,
          uniq_duvessa
D:6:      layout_loops_ring, nicolae_figureground_pulse
D:7:      layout_cave_pools
D:8:      layout_loops_corners, special_room [special_room_orc], uniq_psyche
D:9:      layout_stronghold, chequers_temple_overflow_statue_of_worship,
          minmay_nine_imps
Temple:   regret_index_temple_waves

Skill      XL: |  1  2  3  4  5  6  7  8  9 10 |
---------------+-------------------------------+-----
Dodging        | 2 3 4 5 6 7 8 |  8.6
Unarmed Combat | 3 |  3.2
Shapeshifting  | 3 4 5 6 7 |  7.5
Fighting       | 2 3 4 5 6 8 9 |  9.3
Long Blades    | 3 |  3.4

Action                     |  1- 3 |  4- 6 |  7- 9 | 10-12 || total
---------------------------+-------+-------+-------+-------++-------
  Melee: Unarmed           |    36 |    37 |    14 |     4 ||    91
         Punch             |     1 |     2 |       |     4 ||     7
         Tailslap          |     1 |     5 |     6 |    18 ||    30
         Scimitar          |       |       |    30 |   135 ||   165
         Sling             |       |       |     2 |       ||     2
   Fire: Sling             |    91 |    83 |   218 |       ||   392
  Throw: Dart              |       |       |     4 |       ||     4
  Evoke: Wand              |       |       |     9 |     8 ||    17
    Use: Scroll            |     4 |     3 |     6 |       ||    13
         Potion            |     4 |     3 |     2 |     1 ||    10
   Stab: Sleeping          |       |       |       |     5 ||     5
         Distracted        |       |       |       |     1 ||     1
 Armour: Scale mail        |     7 |       |       |       ||     7
         Skin              |    16 |    17 |    15 |       ||    48
         Ring mail         |    22 |    32 |       |       ||    54
         Leather armour    |       |       |    42 |    18 ||    60
  Dodge: Dodged            |    54 |    56 |   171 |   198 ||   479

Table legend: (Time is in decaauts)
 A = Elapsed time spent in this place.
 B = Non-inter-level travel time spent in this place.
 C = Inter-level travel time spent in this place.
 D = Time resting spent in this place.
 E = Time spent auto-exploring this place.
 F = Levels seen in this place.
 G = Mean time per level.
                   A        B        C        D        E       F      G
               +--------+--------+--------+--------+--------+-----+--------+
         Total |  11107 |  10679 |    428 |   1482 |   7394 |  10 | 1110.7 |
       Dungeon |  11092 |  10676 |    416 |   1482 |   7394 |   9 | 1232.4 |
        Temple |     14 |      2 |     12 |      0 |      0 |   1 |   14.0 |
               +--------+--------+--------+--------+--------+-----+--------+

Top non-repeatable levels by time:
     D:2: 1701 daAuts
     D:6: 1629 daAuts
     D:8: 1509 daAuts
     D:4: 1217 daAuts
     D:3: 1170 daAuts
     D:5: 1152 daAuts
     D:9: 940 daAuts
     D:7: 887 daAuts
     D:1: 884 daAuts
  Temple: 14 daAuts
